Map: Incorporeal LE

Players

ManlyManMeat

  • Race: Terran Terran
  • League: Master
  • Spawn Location: 5:00

VOD

Have the link to the VOD?

Description

Time

  • Played on: May 23, 2025, 1:09 p.m.
  • Length: 9:02
Show
View Real Time Build Order
Export as new Build Order

ManlyManMeat Terran 

Build Orders:  

Get SALT Encoding   

  12  0:00  SCV  
  13  0:17  SCV  
  14  0:24  Supply Depot  
  14  0:34  SCV  
  15  0:54  SCV  
  15  0:56  Barracks  
  16  1:01  Refinery  
  16  1:11  SCV  
  17  1:28  SCV  
  18  1:45  SCV  
  19  2:03  Orbital Command  
  19  2:07  Reaper  
  20  2:20  Command Center  
  20  2:33  Supply Depot  
  20  2:39  SCV  
  21  2:50  Marine  
  22  3:06  Factory, SCV  
  23  3:22  Barracks Reactor  
  23  3:23  SCV  
  24  3:40  SCV  
  25  3:50  Command Center  
  25  3:57  SCV  
  26  4:01  Orbital Command  
  26  4:14  SCV  
  26  4:18  Stimpack  
  27  4:21  Barracks, Barracks Tech Lab  
  27  4:28  Hellion  
  29  4:31  SCV  
  29  4:36  Hellion  
  29  4:39  SCV  
  33  4:48  SCV  
  34  4:51  Marine  
  34  4:54  Refinery  
  35  5:12  SCV x2  
  37  5:30  Starport  
  37  5:33  Orbital Command  
  37  5:36  Marine  
  38  5:40  Marine x2  
  38  5:42  Factory Reactor  
  38  5:44  SCV x2  
  42  5:56  Supply Depot  
  42  6:00  Marine  
  42  6:05  Marine x2  
  45  6:14  SCV x2  
  45  6:15  SCV  
  48  6:27  Medivac  
  50  6:31  SCV x2  
  52  6:49  Armory  
  52  7:13  Hellion x2  
  52  7:18  Marine x2  
  58  7:28  Supply Depot  
  58  7:31  Marine  
  58  7:34  SCV x3  
  62  7:43  Refinery  
  62  7:51  Marine x2  
  62  7:56  Hellion x2, Marine  
  62  7:58  Medivac  
  71  8:13  SCV x3  
Tags
 
Add a new tag
Caveats
  • Supply blocks, unpowered buildings, or Contaminate may cause inaccurate times.
  • Supply counts are checked every 10 seconds.